 Dungeon Crawl Stone Soup version 0.18-a0-1683-gf9322e6 (webtiles) character file.

214 namelastname112 the Slasher (level 5, -3/70 HPs)
             Began as a Draconian Berserker on Apr 3, 2016.
             Was a Believer of Trog.
             Slain by an orc
             ... wielding a +0 hand axe
              (9 damage)
             ... on level 3 of the Dungeon.
             The game lasted 00:04:10 (1734 turns).

namelastname112 the Slasher (Draconian Berserker)   Turns: 1734, Time: 00:04:10

Health: -3/70      AC:  5    Str: 24    XL:     5   Next: 60%
Magic:  5/5        EV: 13    Int:  7    God:    Trog [**....]
Gold:   182        SH:  0    Dex: 12    Spells: 0 memorised, 4 levels left

rFire  + . .     SeeInvis .     a - +0 falchion
rCold  . . .     Gourm    +     (armour unavailable)
rNeg   . . .     Faith    .     (no shield)
rPois  .         Spirit   .     (helmet restricted)
rElec  .         Dismiss  .     (no cloak)
rCorr  .         Reflect  .     (no gloves)
SustAt .         Harm     .     (no boots)
MR     .....                    g - amulet of the gourmand
Stlth  ..........               (no ring)
                                j - ring of protection from fire

@: berserking (expiring), very quick, not resistant to hostile enchantments,
extremely unstealthy
A: unfitting armour, cold-blooded, AC +5
a: Berserk, Trog's Hand, Burn Spellbooks, Renounce Religion


You were on level 3 of the Dungeon.
You worshipped Trog.
Trog was pleased with you.
You were full.

You visited 1 branch of the dungeon, and saw 3 of its levels.

You collected 182 gold pieces.

Inventory:

Hand Weapons
 a - a +0 falchion (weapon)
Jewellery
 g - an amulet of the gourmand (around neck)
 j - a ring of protection from fire (left hand)
Wands
 p - a wand of teleportation (4/9)
Scrolls
 c - 3 scrolls of identify {unknown}
 d - a scroll of fog {unknown}
 e - 3 scrolls of remove curse {unknown}
 i - a scroll of enchant armour {unknown}
 l - a scroll of noise {unknown}
 n - a scroll of teleportation {unknown}
 o - a scroll of random uselessness {unknown}
Potions
 f - a potion of beneficial mutation {unknown}
 k - a potion of lignification {unknown}
 m - a potion of berserk rage {unknown}
Comestibles
 b - 4 bread rations
 h - 4 fruits
 q - a meat ration


   Skills:
 + Level 4.3 Fighting
 * Level 5.0 Long Blades
 + Level 3.7 Dodging


You had 4 spell levels left.
You didn't know any spells.

Dungeon Overview and Level Annotations

Branches:
Dungeon (3/15)

Altars:
Cheibriados


Innate Abilities, Weirdness & Mutations

Your plain brown scales are hard (AC +5).
Your body does not fit into most forms of armour.
You are cold-blooded and may be slowed by cold attacks.


Message History

You barely miss the orc.
Your tail-slap misses the orc.
The orc is severely wounded.
The orc closely misses you. x2
You closely miss the orc.
The orc is severely wounded.
The orc hits you with a whip!
* * * LOW HITPOINT WARNING * * *
The orc hits you with a hand axe.
* * * LOW HITPOINT WARNING * * *
You barely miss the orc.
The orc is severely wounded.
The orc hits you with a whip.
* * * LOW HITPOINT WARNING * * *
You slash the orc!
You kill the orc!
Trog accepts your kill. The orc hits you but does no damage.
You closely miss the orc.
Your tail-slap misses the orc.
The orc hits you with a hand axe!
You die...

.........#
.........#
.........#
#.........#
..........#
........?.#
>./....)o.##
.......)@).##
............#
.........##..#
.......<.# .#
...#...#......#
. ###%.#####...
##. . .. #.


You could see an orc.

Vanquished Creatures
  3 orc wizards (D:3)
  Ijyb (D:2)
  3 gnolls (D:2)
  3 adders (D:2)
  A dart slug (D:1)
  2 giant geckos (D:1)
  2 orcs (D:3)
  2 ball pythons
  4 bats
  5 giant cockroaches
  A hobgoblin (D:2)
  2 giant newts (D:1)
  8 goblins
  5 kobolds
  7 rats
49 creatures vanquished.

Notes
Turn   | Place    | Note
--------------------------------------------------------------
     0 | D:1      | namelastname112 the Draconian Berserker began the quest for the Orb.
     0 | D:1      | Reached XP level 1. HP: 19/19 MP: 1/1
   107 | D:1      | Reached XP level 2. HP: 26/26 MP: 2/2
   384 | D:1      | Reached ** piety under Trog
   734 | D:1      | Reached XP level 3. HP: 25/31 MP: 3/3
   893 | D:2      | Reached skill level 4 in Long Blades
   984 | D:2      | Reached XP level 4. HP: 24/40 MP: 4/4
  1253 | D:2      | Found a snail-covered altar of Cheibriados.
  1501 | D:2      | Noticed Ijyb
  1517 | D:2      | Killed Ijyb
  1718 | D:3      | Reached XP level 5. HP: 32/46 MP: 5/5
  1729 | D:3      | Reached skill level 5 in Long Blades
  1734 | D:3      | Slain by an orc

Vault maps used:
D:1:      dpeg_arrival_radiant
D:2:      cheibriados_altar_1, first_bread, uniq_iyjb
D:3:      nicolae_gozag_zags_fifth_avenue, grunt_decor_one_mirror

Skill      XL: |  1  2  3  4  5 |
---------------+----------------+-----
Dodging        | 3 |  3.7
Long Blades    | 4 5 |  5.0
Fighting       | 4 |  4.3

Action                   |  1- 3 |  4- 6 || total
-------------------------+-------+-------++-------
Melee: Falchion          |    92 |    78 ||   170
Invok: Berserk           |     1 |     1 ||     2
 Stab: Sleeping          |     2 |       ||     2
  Eat: Chunk             |     4 |     6 ||    10
